 Dungeon Crawl Stone Soup version 0.29-a0-284-gf9362112df (webtiles) character file.

Game seed: 5951596291757937159

113 gzilladon the Caller (level 4, -2/35 HPs)
             Began as a Hill Orc Summoner on Mar 24, 2022.
             Slain by an iguana (7 damage)
             ... on level 4 of the Dungeon.
             The game lasted 00:11:37 (2552 turns).

gzilladon the Caller (Hill Orc Summoner)            Turns: 2552, Time: 00:11:37

Health: -2/35      AC:  7    Str: 10    XL:     4   Next: 96%
Magic:  4/6        EV: 16    Int: 17    God:
Gold:   145        SH:  0    Dex: 11    Spells: 5/6 levels left

rFire   . . .      SeeInvis .   p - +0 hand axe
rCold   . . .      Faith    +   (no shield)
rNeg    . . .      Spirit   .   a - +0 robe
rPois   .          Reflect  .   o - +0 helmet
rElec   .          Harm     .   (no cloak)
rCorr   .          Rampage  .   (no gloves)
Will    .....                   (no boots)
Stlth   ++........              q - amulet of faith
HPRegen 0.11/turn               g - +4 ring of protection
MPRegen 0.10/turn               f - +4 ring of evasion

@: brilliant, very slightly contaminated
A: no striking features
a: no special abilities


You were on level 4 of the Dungeon.
You visited 1 branch of the dungeon, and saw 4 of its levels.

You collected 145 gold pieces.

Inventory:

Hand Weapons
 e - a +0 club
 l - a +1 vorpal spear
 p - a +0 hand axe (weapon)
Missiles
 c - 5 poisoned darts
 h - 68 stones
Armour
 a - a +0 robe (worn)
 d - a +0 robe
 o - a +0 helmet (worn)
Jewellery
 f - a +4 ring of evasion (right hand)
 g - a +4 ring of protection (left hand)
 q - an amulet of faith (around neck)
Scrolls
 i - a scroll of brand weapon {unknown}
 j - 2 scrolls of identify {unknown}
 m - a scroll of teleportation {unknown}
 n - a scroll of torment {unknown}
 r - a scroll of enchant weapon {unknown}
Potions
 b - a potion of magic


   Skills:
 + Level 1.2 Fighting
 + Level 0.2(1.0) Axes
 + Level 0.9 Maces & Flails
 + Level 0.7 Polearms
 + Level 2.5 Dodging
 + Level 1.7 Stealth
 + Level 0.3 Unarmed Combat
 + Level 1.7 Spellcasting
 + Level 4.9 Summonings


You had 5 spell levels left.
You knew the following spells:

 Your Spells              Type           Power      Damage    Failure   Level
a - Summon Small Mammal   Summ           100%       N/A       2%          1

Your spell library contained the following spells:

 Spells                   Type           Power      Damage    Failure   Level
 Call Imp                 Summ           27%        N/A       4%          2
 Call Canine Familiar     Summ           27%        N/A       8%          3
 Summon Guardian Golem    Hex/Summ       14%        N/A       22%         3
 Summon Lightning Spire   Summ/Air       14%        N/A       58%         4


Dungeon Overview and Level Annotations

Branches:
Dungeon (4/15)             Temple (0/1) D:4

Altars:


Message History

You hit the iguana.
The iguana is heavily wounded.
The iguana bites you! The iguana closely misses you.
The iguana attacks as you move away! The iguana barely misses you.
The iguana attacks as you move away!
The iguana bites you but does no damage.
You hit the iguana.
The iguana is severely wounded.
The iguana barely misses you.
You barely miss the iguana.
The iguana is severely wounded.
The iguana closely misses you.
It was a potion of brilliance.
You feel clever all of a sudden. The iguana closely misses you.
You hit the iguana.
The iguana is severely wounded.
The iguana bites you but does no damage.
The iguana misses you.
You barely miss the iguana.
The iguana is severely wounded.
The iguana bites you!
* * * LOW HITPOINT WARNING * * *
You hit the iguana but do no damage.
The iguana is severely wounded.
The iguana closely misses you.
You closely miss the iguana.
The iguana is severely wounded.
The iguana closely misses you.
Casting: Summon Small Mammal (safe; 2% risk of failure)
Confirm with . or Enter, or press ? or * to list all spells.
You feel a surge of power!
You miscast Summon Small Mammal.
You are very lightly contaminated with residual magic.
Nothing appears to happen.
The iguana misses you.
Casting: Summon Small Mammal (safe; 2% risk of failure)
Confirm with . or Enter, or press ? or * to list all spells.
You feel a surge of power! The iguana closely misses you.
You hear the slow hiss of an avalanche of sand nearby.
The iguana bites you!
You die...

#####888# .........# ..
...... .........# ...
...... ........# ...
...... #.. #..# #.# .....
##..##.?###.## ....
#....†.......#... ##+##.
#.....l......#...##..##.
##..##.@.....#.......#..
#..##r......# .....#..
.............# ....#..
!....#######..###+##..#..
.... #..###..##..##..#..
.. .............'...'.. .
.............#...#..
##...........#...#..
#...........#...#..


You could see an iguana (ally target) and a friendly rat (summoned).

Vanquished Creatures
  A hound (D:3)
  2 adders
  A worm (D:3)
  2 dart slugs
  3 orcs (D:3)
  2 ball pythons
  3 endoplasms
  A giant cockroach (D:3)
  3 goblins (D:1)
  7 hobgoblins
  4 quokkas
  6 bats
  2 frilled lizards
  3 kobolds
  A rat (D:2)
41 creatures vanquished.

Vanquished Creatures (collateral kills)
  A dart slug (D:1)
  2 orcs (D:3)
  A ball python (D:1)
  An endoplasm (D:3)
  A giant cockroach (D:1)
6 creatures vanquished.

Grand Total: 47 creatures vanquished

Notes
Turn   | Place    | Note
-------+----------+-------------------------------------------
     0 | D:1      | gzilladon the Hill Orc Summoner began the quest for the
                  | Orb.
     0 | D:1      | Reached XP level 1. HP: 14/14 MP: 3/3
   405 | D:1      | Reached XP level 2. HP: 20/20 MP: 4/4
   462 | D:1      | Found a faded altar of an unknown god.
  1084 | D:2      | Reached XP level 3. HP: 26/26 MP: 5/5
  1593 | D:3      | Reached XP level 4. HP: 18/34 MP: 6/6
  2284 | D:3      | Reached skill level 1 in Fighting
  2523 | D:4      | Found a staircase to the Ecumenical Temple.
  2552 | D:4      | Slain by an iguana

Illustrated notes

Levels and vault maps discovered:
D:1:      mrwooster_arrival_statue_2, layout_basic, basic_ecumenical_altar
D:2:      layout_basic
D:3:      layout_basic
D:4:      layout_gridville, minmay_temple_entry_statues,
          gup_ossuary_entry_pyramid

Skill      XL: |  1  2  3  4 |
---------------+-------------+-----
Dodging        | 2 |  2.5
Fighting       | 1 |  1.2
Axes           | |  0.2
Maces & Flails | |  0.9
Polearms       | |  0.7
Stealth        | |  1.7
Unarmed Combat | |  0.3
Spellcasting   | |  1.7
Summonings     | |  4.9

Action                   |  1- 3 |  4- 6 || total
-------------------------+-------+-------++-------
Melee: Unarmed           |    10 |       ||    10
       Club              |    84 |       ||    84
       Spear             |    35 |    43 ||    78
       Hand axe          |       |    46 ||    46
 Cast: Summon Small Mamm |     9 |     1 ||    10
  Use: Potion            |       |     1 ||     1
 Stab: Sleeping          |     1 |       ||     1
Armor: Robe              |    47 |    30 ||    77
Dodge: Dodged            |   145 |    83 ||   228

Table legend: (Time is in decaauts)
 A = Elapsed time spent in this place.
 B = Non-inter-level travel time spent in this place.
 C = Inter-level travel time spent in this place.
 D = Time resting spent in this place.
 E = Time spent auto-exploring this place.
 F = Levels seen in this place.
 G = Mean time per level.
                   A        B        C        D        E       F      G
               +--------+--------+--------+--------+--------+-----+--------+
         Total |   2593 |   2523 |     70 |    844 |      0 |   4 |  648.2 |
       Dungeon |   2593 |   2523 |     70 |    844 |      0 |   4 |  648.2 |
               +--------+--------+--------+--------+--------+-----+--------+

Top non-repeatable levels by time:
     D:3: 960 daAuts
     D:1: 886 daAuts
     D:2: 645 daAuts
     D:4: 100 daAuts
